 Dungeon Crawl Stone Soup version 0.25.1-2-g60ff931df9 (webtiles) character file.

Game seed: 9076174423203053283

1596 DerDa the Reanimator (level 8, 0/52 HPs)
             Began as a Vampire Necromancer on Oct 9, 2020.
             Was a Follower of Sif Muna.
             Slain by Menkaure (17 damage)
             ... on level 7 of the Dungeon.
             The game lasted 00:20:00 (7080 turns).

DerDa the Reanimator (Vampire Necromancer)          Turns: 7080, Time: 00:20:00

Health: 0/52       AC:  8    Str:  6 (7)  XL:     8   Next: 62%
Magic:  28/28      EV: 13    Int: 17 (19) God:    Sif Muna [*.....]
Gold:   395        SH:  0    Dex: 15      Spells: 13/21 levels left

rFire    . . .     SeeInvis +   u - +0 long sword
rCold    . . .     Gourm    .   (no shield)
rNeg     . . .     Faith    +   a - +0 robe
rPois    .         Spirit   .   (no helmet)
rElec    .         Reflect  .   t - +0 cloak
rCorr    .         Harm     .   (no gloves)
MR       .....                  z - +0 pair of boots
Stlth    ++........             x - amulet of faith
HPRegen  0.37/turn              n - ring of magical power
MPRegen  0.21/turn              j - +4 ring of protection

@: regenerating quickly
A: no food, fangs 3, see invisible, unbreathing
a: Exsanguinate, Channel Magic, Renounce Religion


You were on level 7 of the Dungeon.
You worshipped Sif Muna.
Sif Muna was aware of your devotion.
You were alive.

You visited 2 branches of the dungeon, and saw 8 of its levels.
You also visited: Ossuary.

You collected 395 gold pieces.

Inventory:

Hand Weapons
 d - a +0 whip
 u - a +0 long sword (weapon)
 y - a +1 whip of electrocution
Missiles
 e - 144 stones
 r - 34 poisoned darts (quivered)
 s - 64 bolts
Armour
 a - a +0 robe (worn)
 t - a +0 cloak (worn)
 z - a +0 pair of boots (worn)
Jewellery
 b - an uncursed ring of fire
 f - an uncursed ring of protection from magic
 j - a +4 ring of protection (right hand)
 n - a ring of magical power (left hand)
 x - an amulet of faith (around neck)
Scrolls
 c - 4 scrolls of remove curse
 i - 2 scrolls of magic mapping
 k - 2 scrolls of amnesia
 m - 4 scrolls of teleportation
 p - 2 scrolls of immolation
 q - a scroll of fear
 v - a scroll of vulnerability {unknown}
 w - a scroll of noise
Potions
 g - 3 potions of cancellation
 h - 2 potions of brilliance
 l - a potion of resistance
 o - 4 potions of haste
 A - 3 potions of ambrosia {unknown}
 B - a potion of might {unknown}
 C - 2 potions of lignification
 D - a potion of stabbing {unknown}


   Skills:
 - Level 2.1 Dodging
 - Level 3.0 Stealth
 * Level 7.3 Spellcasting
 * Level 9.5 Necromancy


You had 13 spell levels left.
You knew the following spells:

 Your Spells              Type           Power        Failure   Level  Hunger
a - Pain                  Necr           ####         1%          1    N/A
b - Animate Dead          Necr           N/A          2%          4    N/A
u - Vampiric Draining     Necr           #####.....   1%          3    N/A

Your spell library contained the following spells:

 Spells                   Type           Power        Failure   Level  Hunger
 Animate Skeleton         Necr           N/A          1%          1    N/A
 Agony                    Necr           #####...     6%          5    N/A
 Apportation              Tloc           #.....       11%         1    N/A
 Corona                   Hex            #......      11%         1    N/A
 Magic Dart               Conj           #...         11%         1    N/A
 Summon Small Mammal      Summ           #...         11%         1    N/A
 Blink                    Tloc           N/A          17%         2    N/A
 Call Imp                 Summ           #.......     17%         2    N/A
 Slow                     Hex            #.......     17%         2    N/A
 Conjure Flame            Conj/Fire      #.......     32%         3    N/A
 Mephitic Cloud           Conj/Pois/Air  #.......     32%         3    N/A

Dungeon Overview and Level Annotations

Branches:
Dungeon (7/15)             Temple (1/1) D:4         Ossuary (visited)

Altars:
Cheibriados
Dithmenos
Elyvilon
Fedhas
Gozag
Hepliaklqana
Kikubaaqudgha
Makhleb
Nemelex Xobeh
Okawaru
Qazlal
Ru
Sif Muna
Trog
Wu Jian
Xom
Yredelemnul
The Shining One

Shops:
D:4 (

Annotations:
D:7 Menkaure


Innate Abilities, Weirdness & Mutations

You do not eat.
Your natural rate of healing is unusually fast.
You have razor-sharp teeth.
You have supernaturally acute eyesight. (SInv)
You can survive without breathing.


Message History

Menkaure is lightly damaged.
Menkaure calls on the powers of darkness!
Your body is wracked with pain!
You hit Menkaure. You bite Menkaure.
Menkaure is heavily damaged.
Menkaure calls on the powers of darkness!
Your body is wracked with pain!
* * * LOW HITPOINT WARNING * * *
You barely miss Menkaure.
Menkaure is heavily damaged.
Menkaure closely misses you.
You completely miss Menkaure.
Menkaure is heavily damaged.
Menkaure barely misses you.
You riposte.
You hit Menkaure. You bite Menkaure, but do no damage.
Menkaure is severely damaged.
You hit Menkaure but do no damage.
Menkaure is severely damaged.
Menkaure hits you!
You die...

#..# # #.<# .
#..# #. #..#
#.######..#
#.#.......#
#........##
#####...######
.......@#
######..M#
...#.# ###. .#
#. ## #. #. ..


You could see Menkaure.

Vanquished Creatures
  Pikel (D:4)
  Duvessa (D:6)
  A slave (D:5)
  An orc warrior (D:6)
  A sky beast (D:6)
  A necrophage (D:6)
  A bullfrog (D:6)
  Dowan (D:6)
  A crimson imp (D:5)
  2 bullfrog skeletons
  2 hounds
  An orc wizard (D:5)
  A centaur skeleton (D:6)
  An orc priest (D:4)
  An iguana (D:4)
  Jessica (D:2)
  4 worker ants
  Natasha (D:2)
  A killer bee zombie (D:6)
  A big kobold zombie (Ossuary)
  A hound zombie (D:5)
  3 mummies (Ossuary)
  7 adders
  An ooze (D:3)
  3 adder zombies (Ossuary)
  2 adder skeletons (D:4)
  5 worms
  3 dart slugs
  4 leopard geckos
  15 orcs
  4 giant cockroaches
  A gnoll zombie (Ossuary)
  A goblin (D:2)
  6 hobgoblins
  8 jackals
  7 kobolds
  6 quokkas
  8 bats
  A frilled lizard (D:2)
  3 goblin zombies (Ossuary)
  2 hobgoblin zombies (Ossuary)
  A leopard gecko skeleton (D:4)
  3 quokka zombies (Ossuary)
  8 rats
  5 rat zombies (Ossuary)
133 creatures vanquished.

Notes
Turn   | Place    | Note
-------+----------+-------------------------------------------
     0 | D:1      | DerDa the Vampire Necromancer began the quest for the Orb.
     0 | D:1      | Reached XP level 1. HP: 13/13 MP: 3/3
   424 | D:1      | Reached XP level 2. HP: 18/19 MP: 0/5
   955 | D:2      | Found an iron altar of Okawaru.
  1102 | D:2      | Reached skill level 5 in Necromancy
  1102 | D:2      | Reached XP level 3. HP: 21/24 MP: 1/7
  1107 | D:2      | Learned a level 3 spell: Vampiric Draining
  1230 | D:2      | Noticed Jessica
  1232 | D:2      | Killed Jessica
  1412 | D:2      | Reached XP level 4. HP: 29/30 MP: 5/8
  1455 | D:2      | Noticed Natasha
  1458 | D:2      | Killed Natasha
  1773 | D:2      | Found an ancient bone altar of Kikubaaqudgha.
  2183 | D:3      | Reached XP level 5. HP: 35/35 MP: 8/10
  2453 | D:3      | Reached skill level 6 in Necromancy
  2958 | D:3      | Learned a level 4 spell: Animate Dead
  2974 | D:4      | Found a bloodstained altar of Trog.
  3110 | D:4      | Found Wafeuch's Weapon Boutique.
  3433 | D:4      | Found a staircase to the Ecumenical Temple.
  3670 | D:4      | Reached XP level 6. HP: 37/41 MP: 12/12
  4184 | D:5      | Entered Level 5 of the Dungeon
  4242 | Temple   | Entered the Ecumenical Temple
  4389 | Temple   | Became a worshipper of Sif Muna the Loreminder
  4615 | D:5      | Noticed a slave
  4890 | D:5      | Noticed a slave
  5152 | D:5      | Reached skill level 7 in Necromancy
  5235 | D:5      | Reached skill level 5 in Spellcasting
  5565 | D:5      | Noticed Pikel
  5570 | D:5      | Noticed a slave
  5571 | D:5      | Killed a slave
  5644 | D:4      | Killed Pikel
  5644 | D:4      | Reached skill level 8 in Necromancy
  5644 | D:4      | Reached XP level 7. HP: 11/46 MP: 16/16
  5898 | D:6      | Found a basalt altar of Yredelemnul.
  5912 | D:6      | Reached XP level 8. HP: 40/52 MP: 17/17
  5938 | D:6      | Noticed Dowan
  5954 | D:6      | Killed Dowan
  6009 | D:6      | Reached skill level 9 in Necromancy
  6016 | D:6      | Reached * piety under Sif Muna
  6046 | D:6      | Found a sand-covered staircase.
  6055 | Ossuary  | Entered an ossuary
  6447 | D:6      | Noticed Duvessa
  6582 | D:6      | Killed Duvessa
  7072 | D:7      | Noticed Menkaure
  7080 | D:7      | Slain by Menkaure

Illustrated notes

Levels and vault maps discovered:
D:1:      matt_arrival_los_fun, layout_basic
D:2:      layout_rooms, lemuel_coloured_pillars_altar, okawaru_gym_becter,
          serial_forest, infiniplex_forest_lined_2,
          infiniplex_forest_clump_double, infiniplex_forest_clump_cross,
          infiniplex_forest_corner_1, infiniplex_forest_lined_2,
          infiniplex_forest_zigzag_1, infiniplex_forest_diagonal,
          infiniplex_forest_clump_small, infiniplex_forest_lined_corner,
          first_ration, uniq_natasha, uniq_jessica
D:3:      layout_rooms
D:4:      layout_loops_corners, bloody_trog, minmay_temple_entry_from_below_a,
          serial_shops, nicolae_shop_trees
D:5:      layout_basic, uniq_pikel
D:6:      layout_basic, yredelemnul_altar_generic,
          lightli_ossuary_entry_decrepit_ruins, uniq_duvessa
D:7:      layout_loops_ring, old_standard_altar, nicolae_overflow_hidden_temple,
          hangedman_decor_lopped, grunt_decor_one_mirror, uniq_menkaure,
          uniq_prince_ribbit1
Temple:   jpeg_temple_clearing

Skill      XL: |  1  2  3  4  5  6  7  8 |
---------------+-------------------------+-----
Necromancy     | 5 6 8 9 |  9.5
Spellcasting   | 3 4 6 7 |  7.3
Dodging        | |  2.1
Stealth        | |  3.0

Action                   |  1- 3 |  4- 6 |  7- 9 || total
-------------------------+-------+-------+-------++-------
Melee: Whip              |    28 |    77 |       ||   105
       Bite              |     2 |    17 |    26 ||    45
       Long sword        |       |    62 |   162 ||   224
Throw: Stone             |       |       |     1 ||     1
 Cast: Pain              |    53 |   156 |    64 ||   273
  Use: Scroll            |       |       |    12 ||    12
       Potion            |       |       |     4 ||     4
 Stab: Sleeping          |       |     1 |     1 ||     2
       Distracted        |       |     1 |       ||     1
Armor: Robe              |    12 |    30 |    63 ||   105
       Skin              |       |       |    25 ||    25
Dodge: Dodged            |    40 |   110 |   127 ||   277
       Rpst.: Long sword |       |    16 |    47 ||    63
